 Dungeon Crawl Stone Soup version 0.28.0-47-ge53b351184 (webtiles) character file.

Game seed: 10986507242627931725

126 Zeld the Skirmisher (level 4, -1/41 HPs)
             Began as a Draconian Monk on Apr 28, 2022.
             Splashed by a jelly's acid (5 damage)
             ... on level 3 of the Dungeon.
             The game lasted 00:01:53 (3407 turns).

Zeld the Skirmisher (Draconian Monk)                Turns: 3407, Time: 00:01:54

Health: -1/41      AC:  1    Str: 15    XL:     4   Next: 84%
Magic:  4/4        EV: 13    Int: 10    God:
Gold:   131        SH:  0    Dex: 14    Spells: 3/3 levels left

rFire   . . .      SeeInvis .   a - +0 hand axe
rCold   . . .      Faith    .   (no shield)
rNeg    . . .      Spirit   .   (armour unavailable)
rPois   .          Reflect  .   (helmet restricted)
rElec   .          Harm     .   (no cloak)
rCorr   .          Rampage  .   (no gloves)
Will    .....                   (no boots)
Stlth   ++........              (no amulet)
HPRegen 0.13/turn               (no ring)
MPRegen 0.09/turn               (no ring)

@: corroded
A: AC +5, unfitting armour, cold-blooded
a: no special abilities


You were on level 3 of the Dungeon.
You visited 1 branch of the dungeon, and saw 3 of its levels.

You collected 131 gold pieces.

Inventory:

Hand Weapons
 a - a +0 hand axe (weapon)
Scrolls
 b - a scroll of summoning {unknown}
 e - 2 scrolls of teleportation {unknown}
 f - 2 scrolls of immolation {unknown}
 g - 3 scrolls of identify {unknown}
 h - a scroll of vulnerability {unknown}
 i - a scroll of torment {unknown}
 j - a scroll of magic mapping {unknown}
 k - a scroll of blinking {unknown}
Potions
 c - a potion of invisibility {unknown}
 d - a potion of mutation {unknown}


   Skills:
 * Level 4.4 Fighting
 * Level 4.0 Axes
 + Level 3.2 Dodging
 + Level 2.5 Stealth


You had 3 spell levels left.
You didn't know any spells.
Your spell library was empty.

Dungeon Overview and Level Annotations

Branches:
Dungeon (3/15)

Altars:
Yredelemnul

Annotations:
D:3 3 runed translucent doors, GraveError's ghost, amateur GrBe


Innate Abilities, Weirdness & Mutations

Your plain brown scales are hard. (AC +5)
You cannot fit into any form of body armour.
You are cold-blooded and may be slowed by cold attacks.


Message History

You barely miss the adder.
The adder is severely wounded.
The adder misses you.
You hit the adder.
You kill the adder!
No target in view!
A jelly comes into view.
You see here an adder corpse.
A jelly is nearby!
The jelly quivers.
A jelly is nearby!
A jelly is nearby!
You barely miss the jelly. The jelly hits you but does no damage.
You slash the jelly!
Your hands burn!
The jelly is heavily wounded.
The jelly misses you. The jelly barely misses you.
You hit the jelly but do no damage.
Your hands burn!
The jelly is heavily wounded.
The jelly hits you. The acid corrodes you!
You are splashed with acid!
You hit the jelly.
Your hands burn!
The jelly is heavily wounded.
The jelly closely misses you.
You hit the jelly.
Your hands burn!
You tail-slap the jelly, but do no damage.
The jelly is severely wounded.
The jelly misses you.
You hit the jelly but do no damage.
Your hands burn!
You tail-slap the jelly, but do no damage.
The jelly is severely wounded.
The jelly hits you.
You are splashed with acid.
* * * LOW HITPOINT WARNING * * *
Unknown command.
You see here an adder corpse.
You hit the jelly but do no damage.
Your hands burn!
* * * LOW HITPOINT WARNING * * *
The jelly is severely wounded.
The jelly misses you.
Unknown command.
You hit the jelly but do no damage.
Your hands burn!
You die...

###########
#.†J@.....#
#.#######.# #.#
#####.### #
#..##.......# #
#...#.###.#.##### #
......#.........# #
.....#....#.###.###
#
###.##.#.###.###...#
# .####.# #.......#
#


You could see a jelly.

Vanquished Creatures
  4 gnolls
  4 adders
  2 dart slugs (D:2)
  2 orcs
  4 endoplasms
  2 giant cockroaches
  2 goblins (D:1)
  3 hobgoblins
  3 jackals (D:1)
  2 quokkas
  7 ball pythons
  5 bats
  5 frilled lizards
  5 kobolds
  2 rats
52 creatures vanquished.

Notes
Turn   | Place    | Note
-------+----------+-------------------------------------------
     0 | D:1      | Zeld the Draconian Monk began the quest for the Orb.
     0 | D:1      | Reached XP level 1. HP: 19/19 MP: 1/1
   392 | D:1      | Reached XP level 2. HP: 22/26 MP: 2/2
   705 | D:1      | Found a faded altar of an unknown god.
  1348 | D:2      | Reached XP level 3. HP: 22/33 MP: 3/3
  2246 | D:2      | Found a basalt altar of Yredelemnul.
  2320 | D:2      | You fall into a shaft and drop 1 floor!
  2480 | D:3      | Noticed GraveError's ghost (amateur GrBe)
  2612 | D:1      | Reached XP level 4. HP: 36/40 MP: 4/4
  3256 | D:3      | Found a runed translucent gate.
  3256 | D:3      | Found a runed translucent gate.
  3256 | D:3      | Found a runed translucent gate.
  3407 | D:3      | Splashed by a jelly's acid

Illustrated notes

Levels and vault maps discovered:
D:1:      dpeg_arrival_rooms_a, layout_basic, shapermc_ecumenical_altar_pompeii
D:2:      layout_basic, basic_altar
D:3:      layout_loops_corners, gammafunk_ghost_icy

Skill      XL: |  1  2  3  4 |
---------------+-------------+-----
Stealth        | 2 |  2.5
Dodging        | 3 |  3.2
Fighting       | 4 |  4.4
Axes           | 4 |  4.0

Action                   |  1- 3 |  4- 6 || total
-------------------------+-------+-------++-------
Melee: Hand axe          |   141 |    58 ||   199
       Tailslap          |    10 |    11 ||    21
       Punch             |     4 |       ||     4
 Stab: Sleeping          |     6 |     1 ||     7
Armor: Skin              |    65 |    16 ||    81
Dodge: Dodged            |   102 |    41 ||   143
